 Dungeon Crawl Stone Soup version 0.27-a0-797-g27d10ad80f (webtiles) character file.

Game seed: 11248432041757043943

2576 Hasart the Tainter (level 9, -2/51 HPs)
             Began as an Octopode Venom Mage on Mar 27, 2021.
             Was an Initiate of Gozag.
             Slain by a wyvern zombie (7 damage)
             ... on level 7 of the Dungeon.
             The game lasted 00:17:53 (7531 turns).

Hasart the Tainter (Octopode Venom Mage)            Turns: 7531, Time: 00:17:53

Health: -2/51      AC:  1    Str:  7    XL:     9   Next: 57%
Magic:  6/16       EV: 19    Int: 21    God:    Gozag
Gold:   328        SH:  0    Dex: 12    Spells: 2/18 levels left

rFire    . . .     SeeInvis .   e - +0 whip (elec)
rCold    . . .     Faith    .   (no shield)
rNeg     . . .     Spirit   .   (helmet restricted)
rPois    .         Reflect  .   (no amulet)
rElec    .         Harm     .   i - +4 ring of evasion
rCorr    .         Rampage  .   (no ring)
Will     .....                  (no ring)
Stlth    +++.......             (no ring)
HPRegen  0.17/turn              (no ring)
MPRegen  0.15/turn              (no ring)
                                (no ring)
                                (no ring)

@: gold aura
A: almost no armour, amphibious, 8 rings, camouflage 1, gelatinous body 1,
nimble swimmer 1, tentacles
a: Renounce Religion, Potion Petition, Call Merchant, Bribe Branch


You were on level 7 of the Dungeon.
You worshipped Gozag.
Gozag was aware of your devotion.
You visited 1 branch of the dungeon, and saw 7 of its levels.

You collected 402 gold pieces.
You paid 74 gold pieces to Gozag.

Inventory:

Hand Weapons
 e - a +0 whip of electrocution (weapon)
 h - a +2 whip of venom
Jewellery
 i - a +4 ring of evasion (left tentacle)
 n - an amulet of guardian spirit
Wands
 p - a wand of digging (7)
 r - a wand of polymorph (6)
Scrolls
 b - 6 scrolls of identify
 c - a scroll of brand weapon {unknown}
 d - a scroll of fog {unknown}
 f - a scroll of blinking {unknown}
 k - 4 scrolls of noise {unknown}
 m - 3 scrolls of enchant weapon {unknown}
Potions
 a - 3 potions of curing
 g - a potion of might {unknown}
 j - a potion of heal wounds {unknown}
 l - a potion of lignification {unknown}
 o - a potion of ambrosia {unknown}
 q - 2 potions of magic {unknown}


   Skills:
 + Level 5.6 Dodging
 - Level 2.6 Stealth
 + Level 5.3 Spellcasting
 + Level 1.5 Conjurations
 + Level 5.3 Transmutations
 + Level 1.5 Fire Magic
 + Level 1.4 Air Magic
 + Level 1.4 Earth Magic
 * Level 9.9 Poison Magic


You had 2 spell levels left.
You knew the following spells:

 Your Spells              Type           Power      Damage    Failure   Level
a - Sting                 Tmut/Pois      100%       1d8       1%          1
b - Poisonous Vapours     Pois/Air       58%        N/A       1%          2
c - Mephitic Cloud        Conj/Pois/Air  23%        N/A       5%          3
d - Ignite Poison         Fire/Tmut/Pois 29%        N/A       3%          3
e - Olgreb's Toxic Radia  Pois           47%        N/A       1%          4
f - Stone Arrow           Conj/Erth      22%        3d8       17%         3

Your spell library contained the following spells:

 Spells                   Type           Power      Damage    Failure   Level
 Passwall                 Tmut/Erth      16%        N/A       3%          2
 Sandblast                Erth           22%        2d7       6%          1
 Petrify                  Tmut/Erth      20%        N/A       26%         4
 Confusing Touch          Hex            5%         N/A       32%         3
 Gell's Gravitas          Tloc           2%         N/A       32%         3
 Yara's Violent Unravell  Hex/Tmut       8%         3d5       67%         5
 Lee's Rapid Deconstruct  Erth           5%         3d7*      85%         5
 Metabolic Englaciation   Hex/Ice        2%         N/A       96%         5


Dungeon Overview and Level Annotations

Branches:
Dungeon (7/15)
 Temple: D:4-7

Altars:
Fedhas
Gozag
Makhleb
Okawaru
Wu Jian
The Shining One

Annotations:
D:4 1 runed translucent door, banchobear's ghost, weakling OpTm


Innate Abilities, Weirdness & Mutations

You cannot wear most types of armour.
You are amphibious.
You can wear up to eight rings at the same time.
Your skin changes colour to match your surroundings (Stealth+).
Your rubbery body absorbs attacks. (AC +1, EV +1)
You are stealthy while swimming. (Stealth+)
You have tentacles for arms and can constrict up to eight enemies at once.


Message History

The centaur zombie completely misses you.
The centaur zombie kicks you.
Unknown command.
Unknown command.
Unknown command.
You hit the centaur zombie.
The centaur zombie is moderately damaged.
The centaur zombie closely misses you. The centaur zombie misses you.
The wyvern zombie is engulfed in blazing flames.
The centaur zombie hits you. The centaur zombie misses you.
Unknown command.
You hit the centaur zombie.
The centaur zombie is moderately damaged.
The centaur zombie misses you. The centaur zombie barely misses you.
The wyvern zombie is engulfed in blazing flames.
Unknown command.
You hit the centaur zombie.
Lightning courses through the centaur zombie!
You squeeze the centaur zombie.
The centaur zombie is almost destroyed.
The centaur zombie misses you. The centaur zombie kicks you.
The centaur zombie hits you. The centaur zombie kicks you.
Unknown command.
You hit the centaur zombie.
Lightning courses through the centaur zombie!
You destroy the centaur zombie!
The wyvern zombie is engulfed in blazing flames.
Unknown command.
You completely miss the wyvern zombie.
The wyvern zombie is severely damaged.
The wyvern zombie bites you!
* * * LOW HITPOINT WARNING * * *
The wyvern zombie closely misses you.
Unknown command.
You hit the wyvern zombie but do no damage.
You squeeze the wyvern zombie, but do no damage.
The wyvern zombie is severely damaged.
The wyvern zombie bites you!
You die...
Your body crumbles into a pile of gold.

.# .# #.# $ ## ..#
##♣♣.♣♣#.#
#.....♣..#
♣♣.....♣.#
♣.♣♣♣♣♣.♣♣## ♣.
♣♣Z@.# ♣
♣.♣♣.########. ♣.
♣..♣..........
♣.♣♣.♣♣#........#
♣..$♣♣ #...>....#
# ♣.♣.♣♣
#........# .# #
..♣ #........##.#
. ..##
####....####..###.
..# ##....#.###...
#..


You could see a wyvern zombie.

Vanquished Creatures
  Pikel (D:6)
  Prince Ribbit (D:6)
  A water moccasin (D:5)
  An ice beast (D:7)
  A black bear (D:4)
  5 ogres
  A hornet zombie (D:7)
  A centaur (D:7)
  2 scorpions
  2 water moccasin skeletons
  4 centaur zombies
  A bullfrog zombie (D:7)
  A jelly (D:6)
  A hound (D:6)
  2 orc priests (D:6)
  A gnoll shaman (D:4)
  3 centaur skeletons
  An iguana (D:5)
  2 orc wizards
  A killer bee zombie (D:7)
  A hound skeleton (D:4)
  A howler monkey zombie (D:7)
  10 gnolls
  9 adders
  A shadow imp (D:5)
  2 ufetubi
  A worm (D:4)
  2 dart slugs
  10 orcs
  4 bats
  4 endoplasms
  2 giant cockroaches
  10 goblins
  12 hobgoblins
  6 jackals
  5 quokkas
  6 ball pythons
  5 frilled lizards
  5 kobolds
  4 rats
133 creatures vanquished.

Vanquished Creatures (others)
  15 plants (D:4)
15 creatures vanquished.

Grand Total: 148 creatures vanquished

Notes
Turn   | Place    | Note
-------+----------+-------------------------------------------
     0 | D:1      | Hasart the Octopode Venom Mage began the quest for the Orb.
     0 | D:1      | Reached XP level 1. HP: 11/11 MP: 3/3
   102 | D:1      | Reached XP level 2. HP: 13/17 MP: 0/5
   192 | D:1      | Reached skill level 4 in Poison Magic
   614 | D:1      | Reached XP level 3. HP: 21/21 MP: 3/6
   985 | D:2      | Learned a level 2 spell: Poisonous Vapours
   989 | D:2      | Learned a level 3 spell: Mephitic Cloud
   995 | D:2      | Found a glowing golden altar of the Shining One.
  1569 | D:3      | Reached XP level 4. HP: 27/27 MP: 7/7
  1789 | D:3      | Reached skill level 5 in Poison Magic
  1991 | D:3      | Reached XP level 5. HP: 23/31 MP: 7/9
  2107 | D:3      | Learned a level 3 spell: Ignite Poison
  2954 | D:4      | Found a runed translucent door.
  2960 | D:4      | Noticed banchobear's ghost (weakling OpTm)
  3151 | D:4      | Noticed a black bear
  3185 | D:4      | Killed a black bear
  3186 | D:4      | Reached XP level 6. HP: 11/36 MP: 0/10
  3224 | D:5      | Entered Level 5 of the Dungeon
  3518 | D:5      | Reached skill level 6 in Poison Magic
  3800 | D:5      | Noticed a water moccasin
  4536 | D:4      | Reached XP level 7. HP: 41/41 MP: 0/12
  5076 | D:5      | Found an iron altar of Okawaru.
  5161 | D:5      | Reached skill level 7 in Poison Magic
  5586 | D:5      | Found a burning altar of Makhleb.
  5826 | D:6      | Identified the +3 robe of Least Resistance {+Inv}
  5894 | D:6      | Reached XP level 8. HP: 42/46 MP: 11/14
  5927 | D:6      | Identified the +0 robe of Hyexymiyr {rC+ Int+3 Slay+2
                  | Stlth+}
  6242 | D:6      | Reached skill level 8 in Poison Magic
  6363 | D:6      | Found an opulent altar of Gozag.
  6367 | D:6      | Became a worshipper of Gozag Ym Sagoz the Greedy
  6371 | D:6      | Found an ornate altar of the Wu Jian Council.
  6376 | D:6      | Found a blossoming altar of Fedhas.
  6384 | D:6      | Noticed Pikel
  6388 | D:6      | Killed Pikel
  6389 | D:6      | Reached skill level 5 in Dodging
  6389 | D:6      | Reached skill level 9 in Poison Magic
  6425 | D:6      | Reached XP level 9. HP: 51/51 MP: 1/16
  6674 | D:6      | Reached skill level 5 in Spellcasting
  6674 | D:6      | Reached skill level 5 in Transmutations
  6798 | D:6      | Learned a level 4 spell: Olgreb's Toxic Radiance
  6802 | D:6      | Learned a level 3 spell: Stone Arrow
  6994 | D:7      | Noticed Prince Ribbit
  7003 | D:6      | Killed Prince Ribbit
  7133 | D:7      | Reached skill level 1 in Conjurations
  7133 | D:7      | Reached skill level 1 in Fire Magic
  7133 | D:7      | Reached skill level 1 in Air Magic
  7133 | D:7      | Reached skill level 1 in Earth Magic
  7531 | D:7      | Slain by a wyvern zombie

Illustrated notes

Levels and vault maps discovered:
D:1:      dpeg_arrival_round_c, layout_rooms
D:2:      layout_loops_ring, overflow_temple_1_default,
          chequers_serial_rivers_micro_b, bh_walls_and_bars
D:3:      lemuel_upstairs_altar, layout_basic
D:4:      layout_basic, serial_bayou, serial_bayou_lake_a, serial_bayou_pond_c,
          serial_bayou_ford_a, serial_bayou_crossing,
          ebering_ghost_reflecting_pool
D:5:      layout_rooms, lemuel_coloured_pillars_altar, glass_columns_b,
          okawaru_trees_1
D:6:      layout_gridville, grunt_temple_overflow_diamond, uniq_pikel
D:7:      layout_rooms, nicolae_yredelemnul_corpse_copse,
          minmay_temple_entry_grid, serial_shops, nicolae_shop_waterfront,
          elyvilon_altar_4, uniq_maggie, uniq_crazy_yiuf_cottage,
          uniq_prince_ribbit1

Skill      XL: |  1  2  3  4  5  6  7  8  9 |
---------------+----------------------------+-----
Poison Magic   | 4 5 6 7 9 |  9.9
Transmutations | 2 3 4 5 |  5.3
Dodging        | 3 4 5 |  5.6
Spellcasting   | 3 4 5 |  5.3
Conjurations   | 1 |  1.5
Fire Magic     | 1 |  1.5
Air Magic      | 1 |  1.4
Earth Magic    | 1 |  1.4
Stealth        | |  2.6

Action                   |  1- 3 |  4- 6 |  7- 9 || total
-------------------------+-------+-------+-------++-------
Melee: Whip              |    36 |    61 |    93 ||   190
       Tentacles         |     7 |     5 |    21 ||    33
       Constrict         |    11 |    12 |    15 ||    38
       Unarmed           |     1 |       |       ||     1
       Short sword       |    19 |       |       ||    19
 Cast: Sting             |    30 |    55 |    49 ||   134
       Poisonous Vapours |       |    13 |    18 ||    31
       Mephitic Cloud    |       |     1 |    15 ||    16
       Ignite Poison     |       |       |     8 ||     8
  Use: Scroll            |       |     1 |       ||     1
 Stab: Sleeping          |     9 |     8 |     1 ||    18
Armor: Skin              |     7 |     1 |     9 ||    17
Dodge: Dodged            |    41 |    73 |   154 ||   268

Table legend: (Time is in decaauts)
 A = Elapsed time spent in this place.
 B = Non-inter-level travel time spent in this place.
 C = Inter-level travel time spent in this place.
 D = Time resting spent in this place.
 E = Time spent auto-exploring this place.
 F = Levels seen in this place.
 G = Mean time per level.
                   A        B        C        D        E       F      G
               +--------+--------+--------+--------+--------+-----+--------+
         Total |   7549 |   7372 |    177 |    866 |   5060 |   7 | 1078.4 |
       Dungeon |   7549 |   7372 |    177 |    866 |   5060 |   7 | 1078.4 |
               +--------+--------+--------+--------+--------+-----+--------+

Top non-repeatable levels by time:
     D:4: 1733 daAuts
     D:6: 1373 daAuts
     D:5: 1354 daAuts
     D:3: 1039 daAuts
     D:1: 874 daAuts
     D:2: 694 daAuts
     D:7: 479 daAuts
